[Event "Wednesday Night Engine Tour 13 rd Swiss 3m+1s Starts at 2200hrs ST"]
[Site "Infinity Chess"]
[Date "2018.1.17"]
[Round "9"]
[White "Eman"]
[Black "BraveDevil"]
[Result "1/2-1/2"]
[ECO "E10"]
[WhiteElo "2509"]
[BlackElo "2533"]
[WhiteEngine "Eman SL 1.63 64-bit POPCNT"]
[BlackEngine "Cryptic AIL V1"]
[EventType "Swiss"]
[WhiteTeam ""]
[BlackTeam ""]
[PlyCount "94"]
[TimeControl "180+1"]

1. d4 Nf6 2. c4 e6 3. Nf3 d5 4. Nc3 Bb4 5. Qa4+ Nc6 6. Qc2 O-O 7. e3 Ne7 
8. Bd2 b6 9. a3 Bxc3 10. Bxc3 a5 11. b3 Ba6 12. Be2 a4 13. bxa4 Bxc4 
14. Bxc4 dxc4 15. Bb4 Nfd5 16. O-O Qd7 17. e4 Nxb4 18. axb4 b5 19. axb5 Qxb5 
20. Rac1 Qxb4 21. Qxc4 Qxc4 22. Rxc4 c6 23. Rb1 f6 24. h4 Rfb8 25. Rxb8+ Rxb8 
26. Kf1 Ra8 27. Ne1 f5 28. f3 h6 29. h5 Kf7 30. Nd3 Kf6 31. Nc5 Ra7 32. g3 fxe4 
33. Nxe4+ Kf7 34. g4 Ra2 35. Rc3 Ra4 36. Nd6+ Kf6 37. Ne4+ Kf7 38. Rc4 Rxc4 
39. Nd6+ Kf6 40. Nxc4 g6 41. hxg6 Nxg6 42. Ke2 e5 43. dxe5+ Nxe5 44. Nxe5 Kxe5 
45. Ke3 c5 46. f4+ Kf6 47. Kd3 Kg6 1/2-1/2

[Event "Wednesday Night Engine Tour 13 rd Swiss 3m+1s Starts at 2200hrs ST"]
[Site "Infinity Chess"]
[Date "2018.1.17"]
[Round "9"]
[White "Vimtiroba"]
[Black "KhalidOmar"]
[Result "1/2-1/2"]
[ECO "C55"]
[WhiteElo "2535"]
[BlackElo "2517"]
[WhiteEngine "SF@Infinity_CTG"]
[BlackEngine "Eman SL 1.63 64-bit BMI2"]
[EventType "Swiss"]
[WhiteTeam ""]
[BlackTeam ""]
[PlyCount "141"]
[TimeControl "180+1"]

1. e4 e5 2. Nf3 Nc6 3. Bc4 Nf6 4. d3 Bc5 5. O-O a5 6. c3 d6 7. Re1 O-O 8. Bg5 h6 
9. Bh4 g5 10. Bg3 g4 11. Bh4 gxf3 12. Qxf3 Kg7 13. Nd2 Be6 14. Rad1 Bxc4 
15. Nxc4 Qe7 16. d4 exd4 17. Qg3+ Kh7 18. Qf4 Qe6 19. Bxf6 dxc3 20. Bxc3 f5 
21. e5 d5 22. Nd2 a4 23. Nf3 Rg8 24. h3 Rg7 25. Kf1 a3 26. b3 Rd8 27. b4 d4 
28. bxc5 dxc3 29. Rxd8 Nxd8 30. Nd4 Qc4+ 31. Ne2 Qxf4 32. Nxf4 Rd7 33. e6 Re7 
34. Rc1 Nxe6 35. Nxe6 Rxe6 36. Rxc3 Re5 37. c6 b6 38. Rd3 Re7 39. Rxa3 Re6 
40. Rc3 Kg6 41. g3 Kf6 42. h4 Re4 43. Ra3 Rc4 44. Ra8 Rxc6 45. a4 Rc5 
46. Rf8+ Kg6 47. Re8 Rc6 48. Kg2 Rd6 49. Kf3 Rc6 50. Ke3 Rc3+ 51. Kd2 Rc4 
52. Re6+ Kh5 53. Ke3 Rxa4 54. Rc6 f4+ 55. gxf4 Ra5 56. Rxc7 Kxh4 57. Ke4 Ra4+ 
58. Kf3 b5 59. Rc1 Ra3+ 60. Ke4 b4 61. Rh1+ Kg4 62. Rxh6 b3 63. f3+ Kg3 
64. f5 b2 65. Rg6+ Kh4 66. Rb6 Ra4+ 67. Kd3 b1=Q+ 68. Rxb1 Ra3+ 69. Ke4 Ra4+ 
70. Kd3 Ra3+ 71. Kc2 1/2-1/2

[Event "Wednesday Night Engine Tour 13 rd Swiss 3m+1s Starts at 2200hrs ST"]
[Site "Infinity Chess"]
[Date "2018.1.17"]
[Round "9"]
[White "star99"]
[Black "Gilgamesch"]
[Result "1/2-1/2"]
[ECO "D31"]
[WhiteElo "2484"]
[BlackElo "2570"]
[WhiteEngine "Cryptic AIL V1"]
[BlackEngine "BrainFish_171005_x64_bmi2"]
[EventType "Swiss"]
[WhiteTeam ""]
[BlackTeam ""]
[PlyCount "96"]
[TimeControl "180+1"]

1. d4 d5 2. c4 e6 3. Nc3 c6 4. e4 dxe4 5. Nxe4 Bb4+ 6. Bd2 Qxd4 7. Bxb4 Qxe4+ 
8. Be2 Na6 9. Ba5 b6 10. Qd6 Bd7 11. Bc3 f6 12. O-O-O O-O-O 13. Qa3 Kb7 
14. Bf3 Qf4+ 15. Rd2 Qc7 16. Ne2 e5 17. Ng3 Nh6 18. Ne4 Bg4 19. Bxg4 Nxg4 
20. Rhd1 Rxd2 21. Rxd2 Rd8 22. c5 Rxd2 23. Bxd2 Nxc5 24. Nxc5+ bxc5 
25. Qxc5 Nxh2 26. Be3 Kc8 27. Qc4 Qd7 28. f3 Qd5 29. Qa6+ Kd8 30. Bxa7 e4 
31. Qb6+ Kd7 32. Qb7+ Ke6 33. Qxg7 Qc4+ 34. Kb1 Qd3+ 35. Kc1 exf3 36. Qg8+ Ke5 
37. Qb8+ Ke6 38. Qg8+ Ke5 39. Qg3+ Ke6 40. Qh3+ f5 41. Qxh2 Qf1+ 42. Kc2 Qc4+ 
43. Kb1 Qf1+ 44. Kc2 Qe2+ 45. Kc3 Qe1+ 46. Kc2 Qe2+ 47. Kc3 Qe1+ 48. Kc2 Qe2+ 
1/2-1/2

[Event "Wednesday Night Engine Tour 13 rd Swiss 3m+1s Starts at 2200hrs ST"]
[Site "Infinity Chess"]
[Date "2018.1.17"]
[Round "8"]
[White "OlivierEvan"]
[Black "Cepri"]
[Result "1/2-1/2"]
[ECO "D30"]
[WhiteElo "2435"]
[BlackElo "2482"]
[WhiteEngine "stockfish_18011309_x64"]
[BlackEngine "asmFishW_12J18Mb_CTG"]
[EventType "Swiss"]
[WhiteTeam ""]
[BlackTeam ""]
[PlyCount "80"]
[TimeControl "180+1"]

1. d4 d5 2. c4 e6 3. Nf3 Nf6 4. e3 c6 5. b3 Bd6 6. Bb2 Nbd7 7. Bd3 O-O 
8. Nbd2 c5 9. O-O b6 10. Qe2 Bb7 11. e4 dxe4 12. Nxe4 Nxe4 13. Bxe4 Bxe4 
14. Qxe4 Nf6 15. Qc2 cxd4 16. Bxd4 Qc7 17. h3 Rfd8 18. Rad1 Rac8 19. Qe2 Nd7 
20. Bb2 Be7 21. Rd2 Nf8 22. Rfd1 Rxd2 23. Rxd2 Rd8 24. Rxd8 Qxd8 25. g3 f6 
26. Nd4 Qd7 27. Kg2 Bc5 28. Qe4 e5 29. Nc6 a5 30. Qd5+ Qxd5+ 31. cxd5 Kf7 
32. f4 exf4 33. gxf4 f5 34. Be5 Nd7 35. Kf3 g6 36. Kg2 Nf6 37. Nd8+ Ke7 
38. Nc6+ Kf7 39. Nd8+ Ke7 40. Nc6+ Kf7 1/2-1/2

[Event "Wednesday Night Engine Tour 13 rd Swiss 3m+1s Starts at 2200hrs ST"]
[Site "Infinity Chess"]
[Date "2018.1.17"]
[Round "8"]
[White "MGR"]
[Black "denochss"]
[Result "1-0"]
[ECO "C55"]
[WhiteElo "2487"]
[BlackElo "2374"]
[WhiteEngine "asmFishW_2017-11-19_bmi2"]
[BlackEngine "BrainFish_171111_x64_bmi2"]
[EventType "Swiss"]
[WhiteTeam ""]
[BlackTeam ""]
[PlyCount "235"]
[TimeControl "180+1"]

1. e4 e5 2. Nf3 Nc6 3. Bc4 Nf6 4. d3 Bc5 5. c3 d6 6. O-O a5 7. Bg5 h6 8. Bh4 g5 
9. Bg3 O-O 10. a4 g4 11. Nh4 Nh5 12. Na3 Nxg3 13. hxg3 Qf6 14. Nc2 h5 
15. Qd2 Be6 16. Kh2 Bb6 17. f3 Qg7 18. f4 Qh6 19. Ne3 Bxe3 20. Qxe3 Ne7 
21. Qe2 Rad8 22. Rad1 Bxc4 23. dxc4 Qg7 24. fxe5 Qxe5 25. Qe3 f6 26. b4 Ra8 
27. Nf5 Rae8 28. Qh6 Rf7 29. Rd5 Nxd5 30. Qg6+ Kf8 31. exd5 Ree7 32. Nxe7 Qxe7 
33. bxa5 Qe5 34. Rf5 Qe4 35. Qh6+ Ke7 36. Rxh5 Kd7 37. Rh4 Qe7 38. Qg6 Kc8 
39. Rxg4 Kb8 40. Re4 Rh7+ 41. Kg1 Rg7 42. Qf5 Qf7 43. g4 Rg8 44. c5 dxc5 
45. a6 Rd8 46. Re6 bxa6 47. c4 Qf8 48. Qb1+ Ka7 49. Qh7 Rc8 50. Re7 Qd8 
51. Rd7 Qe8 52. Rxc7+ Rxc7 53. Qxc7+ Ka8 54. Kf2 Qe4 55. Qc8+ Ka7 56. Qxc5+ Kb7 
57. Qc6+ Ka7 58. Qxf6 Qxc4 59. d6 Qxg4 60. a5 Kb8 61. d7 Qxd7 62. Qb6+ Ka8 
63. Qxa6+ Kb8 64. Qb6+ Ka8 65. Qe3 Qa4 66. Qf3+ Kb8 67. Qf8+ Kb7 68. Qe7+ Ka6 
69. Qd6+ Kb7 70. Qd5+ Ka7 71. Qc5+ Kb7 72. Qe7+ Ka6 73. Qd6+ Kb7 74. g3 Qxa5 
75. g4 Qg5 76. Kf3 Qc1 77. Qe6 Qd2 78. Ke4 Qf2 79. g5 Kc7 80. Ke5 Qb2+ 
81. Kf5 Qf2+ 82. Kg6 Qg3 83. Qd5 Kb8 84. Kg7 Qc7+ 85. Kg6 Ka7 86. Qf7 Ka8 
87. Kg7 Qe5+ 88. Qf6 Qe4 89. g6 Kb8 90. Kf8 Qb4+ 91. Qe7 Qf4+ 92. Kg7 Qg4 
93. Qe8+ Kc7 94. Kf8 Kd6 95. Qe7+ Kc6 96. Qf6+ Kb5 97. g7 Qc8+ 98. Kf7 Qd7+ 
99. Kg6 Qe8+ 100. Kf5 Qd7+ 101. Kg5 Qd2+ 102. Kg6 Qa2 103. Qe5+ Ka4 
104. Qe4+ Kb5 105. Kf6 Qg8 106. Qe6 Qd8+ 107. Kg6 Qh4 108. g8=Q Qg3+ 
109. Kf6 Qf2+ 110. Qf5+ Qxf5+ 111. Kxf5 Kb4 112. Ke4 Kc3 113. Qd5 Kc2 
114. Qc4+ Kb1 115. Qb4+ Ka1 116. Kd3 Ka2 117. Kc3 Ka1 118. Qb2# 1-0

[Event "Wednesday Night Engine Tour 13 rd Swiss 3m+1s Starts at 2200hrs ST"]
[Site "Infinity Chess"]
[Date "2018.1.17"]
[Round "8"]
[White "KhalidOmar"]
[Black "miguello"]
[Result "1-0"]
[ECO "C65"]
[WhiteElo "2505"]
[BlackElo "2411"]
[WhiteEngine "Eman SL 1.63 64-bit BMI2"]
[BlackEngine "stockfish_18011309_x64_modern_CTG"]
[EventType "Swiss"]
[WhiteTeam ""]
[BlackTeam ""]
[PlyCount "173"]
[TimeControl "180+1"]

1. e4 e5 2. Nf3 Nc6 3. Bb5 Nf6 4. O-O Nxe4 5. Re1 Nd6 6. Nxe5 Be7 7. Bf1 Nxe5 
8. Rxe5 O-O 9. Nc3 Bf6 10. Re1 Nf5 11. Nd5 d6 12. Nxf6+ Qxf6 13. c3 c5 
14. Qf3 Rb8 15. d4 cxd4 16. Bd2 b6 17. cxd4 Bb7 18. d5 Qxb2 19. Rad1 Qf6 
20. Bd3 Nh4 21. Qxf6 gxf6 22. Bb4 Rfd8 23. Bc3 Kg7 24. Re3 Rbc8 25. Rg3+ Ng6 
26. Bd4 Rg8 27. h4 h5 28. Rg5 Kf8 29. Bxf6 Nf4 30. Rf5 Rxg2+ 31. Kf1 Nxd5 
32. Kxg2 Nxf6+ 33. Kg3 Nd7 34. Be2 Be4 35. Rxh5 Rc2 36. f3 Rxe2 37. fxe4 Nc5 
38. Rxd6 Rxa2 39. Re5 Ra3+ 40. Kg4 Ra4 41. Kf5 Ra1 42. h5 Rf1+ 43. Kg5 Ne6+ 
44. Kh4 Rh1+ 45. Kg3 Ra1 46. Rf5 Ng7 47. Re5 Ne6 48. Kg2 Ra2+ 49. Kh3 Ra3+ 
50. Kg4 Ra1 51. Rf5 Ng7 52. Rf3 Rg1+ 53. Kh3 Ke7 54. Rdf6 Nxh5 55. R6f5 Ng7 
56. Rxf7+ Kd6 57. Rg3 Rxg3+ 58. Kxg3 Ne6 59. Rxa7 b5 60. Kf3 Kc5 61. Re7 Kd6 
62. Re8 Nd4+ 63. Ke3 Kc5 64. Rc8+ Nc6 65. Kd3 Kb6 66. Kc3 Kc5 67. Re8 Kb6 
68. Rf8 Ka5 69. Rf5 Kb6 70. Rh5 Ka5 71. e5 Kb6 72. e6 Ne7 73. Kd4 Kc6 
74. Ke5 Nd5 75. Rh8 Ne7 76. Re8 Ng6+ 77. Kf5 Nh4+ 78. Kf6 Nf3 79. e7 Nd2 
80. Rd8 Ne4+ 81. Ke5 Nf6 82. Kxf6 Kb6 83. e8=Q b4 84. Qe5 b3 85. Rd6+ Ka7 
86. Qe7+ Kb8 87. Rd8# 1-0

[Event "Wednesday Night Engine Tour 13 rd Swiss 3m+1s Starts at 2200hrs ST"]
[Site "Infinity Chess"]
[Date "2018.1.17"]
[Round "8"]
[White "BraveDevil"]
[Black "marudam"]
[Result "1-0"]
[ECO "D31"]
[WhiteElo "2518"]
[BlackElo "2484"]
[WhiteEngine "Cryptic AIL V1"]
[BlackEngine "stockfish291217_CTG"]
[EventType "Swiss"]
[WhiteTeam ""]
[BlackTeam ""]
[PlyCount "167"]
[TimeControl "180+1"]

1. d4 d5 2. c4 e6 3. Nc3 c6 4. e4 dxe4 5. Nxe4 Bb4+ 6. Bd2 Qxd4 7. Bxb4 Qxe4+ 
8. Be2 Qxg2 9. Bf3 Qg6 10. Ne2 a5 11. Bc3 Nf6 12. Rg1 Qf5 13. Ng3 Qf4 
14. Qe2 Nbd7 15. Nh5 Nxh5 16. Bxh5 Rg8 17. Rg4 Qh6 18. Rg3 g6 19. Bg4 Rf8 
20. Re3 Qxh2 21. O-O-O Qh4 22. Kb1 Nc5 23. Bd4 Nd7 24. f4 c5 25. Bg7 Ra6 
26. Bxf8 Kxf8 27. Rh3 Qf6 28. Rxh7 Ke7 29. f5 Rd6 30. Rf1 gxf5 31. Bxf5 Kd8 
32. Bc2 Qe5 33. Qf2 Rd4 34. Qxf7 Rxc4 35. Rh5 Qd6 36. b3 Rd4 37. Rh6 Kc7 
38. Rxe6 Qg3 39. Re8 b6 40. Qe7 Qh4 41. Qe2 Rd6 42. Bf5 Rd4 43. Re7 Qg3 
44. Rd1 Rxd1+ 45. Qxd1 Qd6 46. Qxd6+ Kxd6 47. Rg7 b5 48. Kb2 Kc6 49. Bg4 b4 
50. a4 Kc7 51. Kc2 Kc6 52. Bh3 Kd6 53. Bf5 Kc6 54. Bh3 Kd6 55. Rg6+ Kc7 
56. Bf5 Bb7 57. Rg7 Bc6 58. Kd3 Kd6 59. Rg6+ Ke7 60. Re6+ Kf7 61. Kc4 Bb7 
62. Re3 Nb8 63. Kxc5 Kf6 64. Bh3 Kf7 65. Kb6 Bh1 66. Bf5 Bc6 67. Be4 Bd7 
68. Bb7 Kg6 69. Kxa5 Kh5 70. Kxb4 Kg5 71. a5 Kf4 72. Rf3+ Kg4 73. Rf8 Na6+ 
74. Bxa6 Kg5 75. Bc4 Bc6 76. a6 Kg4 77. a7 Kg3 78. Kc5 Bg2 79. Bd5 Kh2 
80. Bxg2 Kxg2 81. a8=Q+ Kg3 82. Qf3+ Kh4 83. Qg2 Kh5 84. Rh8# 1-0

[Event "Wednesday Night Engine Tour 13 rd Swiss 3m+1s Starts at 2200hrs ST"]
[Site "Infinity Chess"]
[Date "2018.1.17"]
[Round "8"]
[White "RonWeasley"]
[Black "Victorious"]
[Result "1/2-1/2"]
[ECO "C53"]
[WhiteElo "2502"]
[BlackElo "2550"]
[WhiteEngine "BrainFish 130117_CTG"]
[BlackEngine "BugChess2.41_Release"]
[EventType "Swiss"]
[WhiteTeam ""]
[BlackTeam ""]
[PlyCount "110"]
[TimeControl "180+1"]

1. e4 e5 2. Nf3 Nc6 3. Bc4 Bc5 4. c3 Nf6 5. d3 O-O 6. O-O d6 7. Bb3 a5 8. a4 h6 
9. Nbd2 Ba7 10. Re1 Re8 11. Bc4 Nh5 12. Nf1 Qf6 13. g3 Be6 14. b3 Qe7 
15. Be3 Nf6 16. Rc1 Bh3 17. Bxa7 Nxa7 18. d4 Nc8 19. Ne3 Nb6 20. Bf1 Bxf1 
21. Nxf1 c6 22. Ne3 g6 23. Nd2 Nbd7 24. Kg2 b5 25. Ra1 b4 26. dxe5 Nxe5 
27. Qc2 bxc3 28. Qxc3 d5 29. exd5 cxd5 30. Qd4 Nc6 31. Qf4 Ne5 32. Qd4 Rad8 
33. Rad1 Kg7 34. Nf3 Nxf3 35. Kxf3 Qe4+ 36. Qxe4 Nxe4 37. Nc2 Ng5+ 38. Kg2 Rxe1 
39. Nxe1 d4 40. Nd3 Ne6 41. b4 axb4 42. Rb1 Rc8 43. Rxb4 Rc3 44. Ne5 Kf6 
45. Ng4+ Kg7 46. Ne5 Rc2 47. a5 Ra2 48. Rb5 Ng5 49. Nd3 Ne4 50. Kf3 f5 
51. Rb7+ Kf8 52. Rb8+ Ke7 53. Rb7+ Kf8 54. Rb8+ Ke7 55. Rb7+ Kf8 1/2-1/2

[Event "Wednesday Night Engine Tour 13 rd Swiss 3m+1s Starts at 2200hrs ST"]
[Site "Infinity Chess"]
[Date "2018.1.17"]
[Round "8"]
[White "Gilgamesch"]
[Black "incredible"]
[Result "1-0"]
[ECO "A50"]
[WhiteElo "2556"]
[BlackElo "2501"]
[WhiteEngine "BrainFish_171005_x64_bmi2"]
[BlackEngine "Stockfish_x64_bmi2"]
[EventType "Swiss"]
[WhiteTeam ""]
[BlackTeam ""]
[PlyCount "203"]
[TimeControl "180+1"]

1. d4 Nf6 2. c4 b6 3. f3 Nc6 4. Nc3 e5 5. d5 Ne7 6. e4 Ng6 7. h4 Bc5 8. Nge2 h6 
9. h5 Nf8 10. Ng3 N8h7 11. Nf5 O-O 12. a3 a5 13. Rb1 Ne8 14. b4 Be7 
15. Nxe7+ Qxe7 16. Qc2 d6 17. Bd3 Nef6 18. Be2 Bd7 19. Kf2 Ra7 20. g4 Rfa8 
21. Kg2 Ng5 22. Be3 axb4 23. axb4 Ra3 24. Bc1 R3a7 25. Be3 Ra3 26. Rb3 R3a7 
27. Qd2 Nxf3 28. Bxf3 Nxg4 29. Be2 Ra1 30. Rbb1 Rxb1 31. Rxb1 Ra3 32. Rh1 Rb3 
33. Bf2 f5 34. exf5 Nxf2 35. Kxf2 Qf6 36. Ke1 Qxf5 37. Rh2 Rxb4 38. Qe3 Qc2 
39. Qd3 Qc1+ 40. Nd1 Qg5 41. Rf2 Bg4 42. Qa3 Bxe2 43. Qxb4 Bxh5 44. Qd2 Qg1+ 
45. Rf1 Qg3+ 46. Qf2 Qb3 47. Qf8+ Kh7 48. Qf5+ Bg6 49. Qg4 Qb4+ 50. Ke2 h5 
51. Rh1 Qb1 52. Rh4 Qa2+ 53. Ke1 Qa5+ 54. Kf2 b5 55. cxb5 Qxb5 56. Ne3 Qb2+ 
57. Qe2 Qb6 58. Qf3 Qb8 59. Rh1 Qe8 60. Qg4 c5 61. dxc6 Qxc6 62. Qg2 Qb6 
63. Qg5 Qb2+ 64. Kg3 Qb5 65. Rg1 Qa6 66. Nd5 Qe2 67. Rg2 Qf1 68. Ne7 Bf7 
69. Rf2 Qg1+ 70. Rg2 Qf1 71. Qf5+ Qxf5 72. Nxf5 g5 73. Nxd6 Be6 74. Re2 h4+ 
75. Kf2 Kg7 76. Rxe5 Kf6 77. Rc5 Kg6 78. Kf3 Bh3 79. Ne4 Bf5 80. Rd5 g4+ 
81. Kf4 Bc8 82. Rg5+ Kh6 83. Rg8 Bd7 84. Rh8+ Kg7 85. Rxh4 g3 86. Nxg3 Kf6 
87. Ne4+ Kg7 88. Rh1 Bc6 89. Ke5 Kf7 90. Rh7+ Kg6 91. Rh3 Bxe4 92. Kxe4 Kf6 
93. Rd3 Ke6 94. Kf4 Kf6 95. Re3 Kg6 96. Re6+ Kh7 97. Kg5 Kg7 98. Re7+ Kf8 
99. Kf6 Kg8 100. Kg6 Kf8 101. Re1 Kg8 102. Re8# 1-0

[Event "Wednesday Night Engine Tour 13 rd Swiss 3m+1s Starts at 2200hrs ST"]
[Site "Infinity Chess"]
[Date "2018.1.17"]
[Round "8"]
[White "Thinker"]
[Black "Eman"]
[Result "1/2-1/2"]
[ECO "C55"]
[WhiteElo "2509"]
[BlackElo "2509"]
[WhiteEngine "BrainFish_180113_x64_modern_CTG"]
[BlackEngine "Eman SL 1.63 64-bit POPCNT"]
[EventType "Swiss"]
[WhiteTeam ""]
[BlackTeam ""]
[PlyCount "87"]
[TimeControl "180+1"]

1. e4 e5 2. Nf3 Nc6 3. Bc4 Nf6 4. d3 Bc5 5. c3 a5 6. O-O d6 7. h3 h6 8. a4 Ba7 
9. Na3 O-O 10. Re1 Be6 11. Qb3 Qd7 12. Bxe6 fxe6 13. Nb5 Bb6 14. Be3 Bxe3 
15. Rxe3 Nh5 16. d4 exd4 17. Nbxd4 Nf4 18. h4 Ra6 19. g3 Rb6 20. Qc2 Ng6 
21. Nxc6 bxc6 22. h5 Nh8 23. b4 Nf7 24. e5 axb4 25. a5 b3 26. Qb2 Ra6 
27. Qxb3 d5 28. c4 Rfa8 29. Qb4 dxc4 30. Rc3 Qd5 31. Qxc4 Rxa5 32. Rxa5 Rxa5 
33. Qxd5 Rxd5 34. Rxc6 Nxe5 35. Nxe5 Rxe5 36. g4 Kf7 37. Rxc7+ Kf6 38. f3 g6 
39. hxg6 Rg5 40. Kf2 Kxg6 41. Ke3 h5 42. Kf4 hxg4 43. fxg4 Kf6 44. Rc6 1/2-1/2

[Event "Wednesday Night Engine Tour 13 rd Swiss 3m+1s Starts at 2200hrs ST"]
[Site "Infinity Chess"]
[Date "2018.1.17"]
[Round "8"]
[White "ocirema"]
[Black "Vimtiroba"]
[Result "1/2-1/2"]
[ECO "C53"]
[WhiteElo "2493"]
[BlackElo "2537"]
[WhiteEngine "stockfish_18011309_x64_modern_CTG"]
[BlackEngine "SF@Infinity_CTG"]
[EventType "Swiss"]
[WhiteTeam ""]
[BlackTeam ""]
[PlyCount "115"]
[TimeControl "180+1"]

1. e4 e5 2. Nf3 Nc6 3. Bc4 Bc5 4. c3 Nf6 5. d4 exd4 6. e5 d5 7. Bb5 Ne4 
8. cxd4 Bb6 9. O-O Bg4 10. a4 a5 11. Nc3 O-O 12. Bxc6 bxc6 13. h3 Bxf3 
14. Qxf3 Bxd4 15. Nxe4 dxe4 16. Qxe4 Re8 17. Qxc6 Rb8 18. Bd2 Rb6 19. Qf3 Rxe5 
20. Rad1 Rd5 21. Rfe1 Rbd6 22. Re2 g5 23. Rde1 Qf6 24. Qxf6 Bxf6 25. Be3 c5 
26. Rc1 Bd4 27. Rcc2 Kg7 28. Bd2 h5 29. g3 f6 30. Kg2 Kg6 31. Bc3 Bxc3 
32. Rxc3 Kf7 33. b3 Re6 34. Rec2 Rc6 35. Re3 Rb6 36. Kf3 Rb4 37. Kg2 Kg6 
38. Rcc3 Kf7 39. Rc2 Rb6 40. Rec3 c4 41. Rxc4 Rxb3 42. Rc5 Rbd3 43. Rxd5 Rxd5 
44. Rc7+ Ke6 45. Rc6+ Ke5 46. Kf3 Rd3+ 47. Ke2 Rd5 48. f3 Rd6 49. f4+ gxf4 
50. gxf4+ Kd5 51. Rxd6+ Kxd6 52. Ke3 Kc5 53. Ke4 Kb4 54. Kf5 Kxa4 55. Kxf6 Kb5 
56. f5 a4 57. Kg6 a3 58. f6 1/2-1/2

[Event "Wednesday Night Engine Tour 13 rd Swiss 3m+1s Starts at 2200hrs ST"]
[Site "Infinity Chess"]
[Date "2018.1.17"]
[Round "8"]
[White "ludimilojko"]
[Black "star99"]
[Result "1/2-1/2 "]
[ECO "B90"]
[WhiteElo "2376"]
[BlackElo "2489"]
[WhiteEngine "CorChess 2.0_x64_CTG"]
[BlackEngine "Cryptic AIL V1"]
[EventType "Swiss"]
[WhiteTeam ""]
[BlackTeam ""]
[PlyCount "163"]
[TimeControl "180+1"]

1. e4 c5 2. Nf3 d6 3. d4 cxd4 4. Nxd4 Nf6 5. Nc3 a6 6. Be3 e5 7. Nb3 Be6 
8. f3 Be7 9. Qd2 O-O 10. O-O-O Nbd7 11. g4 b5 12. g5 b4 13. Ne2 Nh5 14. Ng3 Nxg3 
15. hxg3 a5 16. Kb1 a4 17. Nc1 Qc8 18. f4 b3 19. cxb3 axb3 20. f5 Bc4 
21. f6 Bxf6 22. gxf6 Nxf6 23. Nxb3 Nxe4 24. Qc2 Bxf1 25. Qxc8 Raxc8 
26. Rhxf1 Nxg3 27. Rg1 Nf5 28. Bd2 g6 29. Rdf1 Ng7 30. Rd1 f6 31. Na5 Nf5 
32. b4 Kf7 33. b5 g5 34. Bb4 Ra8 35. Rh1 Kg6 36. Kb2 h5 37. Nc6 g4 38. Bxd6 Rfc8 
39. Kb3 h4 40. a4 g3 41. Ne7+ Nxe7 42. Bxe7 Kf7 43. Bb4 Rh8 44. Rdg1 f5 
45. b6 f4 46. a5 h3 47. b7 Rab8 48. a6 h2 49. Bd6 hxg1=Q 50. Rxg1 Ra8 
51. bxa8=R Rxa8 52. Bxe5 Rxa6 53. Bxf4 Ke6 54. Bxg3 Kd5 55. Bf2 Ke4 56. Re1+ Kd5 
57. Rd1+ Ke4 58. Bc5 Re6 59. Kc4 Ke5 60. Bd4+ Kd6 61. Bc5+ Kc6 62. Rd4 Rh6 
63. Re4 Rh1 64. Re6+ Kd7 65. Rd6+ Kc7 66. Rg6 Rh4+ 67. Kd5 Rh5+ 68. Kc4 Kd7 
69. Bd6 Rf5 70. Rh6 Rg5 71. Kd4 Rg1 72. Be5 Ra1 73. Rd6+ Ke7 74. Rg6 Kd7 
75. Rd6+ Kc8 76. Rb6 Kd7 77. Kd5 Ra5+ 78. Ke4 Ra4+ 79. Kd5 Ra5+ 80. Ke4 Ra3 
81. Rd6+ Kc8 82. Rh6 1/2-1/2

[Event "Wednesday Night Engine Tour 13 rd Swiss 3m+1s Starts at 2200hrs ST"]
[Site "Infinity Chess"]
[Date "2018.1.17"]
[Round "7"]
[White "marudam"]
[Black "miguello"]
[Result "1/2-1/2"]
[ECO "C58"]
[WhiteElo "2487"]
[BlackElo "2408"]
[WhiteEngine "stockfish291217_CTG"]
[BlackEngine "stockfish_18011309_x64_modern_CTG"]
[EventType "Swiss"]
[WhiteTeam ""]
[BlackTeam ""]
[PlyCount "145"]
[TimeControl "180+1"]

1. e4 e5 2. Nf3 Nc6 3. Bc4 Nf6 4. Ng5 d5 5. exd5 Na5 6. Bb5+ c6 7. dxc6 bxc6 
8. Bd3 Nd5 9. Nf3 Bd6 10. Nc3 O-O 11. Be2 f5 12. d3 Nxc3 13. bxc3 Qc7 14. g3 Bd7 
15. O-O Rad8 16. Nh4 f4 17. Bg4 Nb7 18. Qe2 Rde8 19. Rb1 Qc8 20. h3 Nc5 
21. Ba3 g5 22. Ng2 Rf6 23. Bh5 Bxh3 24. d4 f3 25. Bxf3 exd4 26. Qc4+ Qe6 
27. Qxe6+ Bxe6 28. Bxc6 Rc8 29. cxd4 Rxc6 30. dxc5 Bxc5 31. Bxc5 Rxc5 
32. Rb8+ Kg7 33. Ne3 Ra5 34. Ra1 h5 35. a4 Bd7 36. Rb7 Rf7 37. Rb4 Bc6 
38. Rc4 Rf6 39. Ra3 Be8 40. Rd4 Re6 41. g4 hxg4 42. Rxg4 Bc6 43. Rd4 Kf7 
44. Kf1 Re4 45. Rd6 Re6 46. Rdd3 a6 47. Rd4 Rf6 48. Ke1 Rf4 49. Rd6 Rf6 
50. Rd4 Rf4 51. Rd6 Rf6 52. Rxf6+ Kxf6 53. Rb3 Ke7 54. Kd2 Rxa4 55. Rb6 Kd6 
56. Kc3 Kd7 57. Rb4 Kd6 58. Rxa4 Bxa4 59. Kb4 Bb5 60. c3 Be2 61. c4 g4 
62. Nd5 Ke5 63. Nc3 Bf3 64. c5 Kd4 65. Na4 Bd5 66. Nb6 Ke4 67. Nd7 Kd4 
68. c6 Bxc6 69. Nf6 g3 70. fxg3 a5+ 71. Kxa5 Kc5 72. g4 Bb5 73. g5 1/2-1/2

[Event "Wednesday Night Engine Tour 13 rd Swiss 3m+1s Starts at 2200hrs ST"]
[Site "Infinity Chess"]
[Date "2018.1.17"]
[Round "7"]
[White "Dovahkiin"]
[Black "OlivierEvan"]
[Result "1/2-1/2"]
[ECO "A00"]
[WhiteElo "2438"]
[BlackElo "2435"]
[WhiteEngine "corchess_x64_modern_CTG"]
[BlackEngine "stockfish_18011309_x64"]
[EventType "Swiss"]
[WhiteTeam ""]
[BlackTeam ""]
[PlyCount "94"]
[TimeControl "180+1"]

1. e3 e5 2. e4 Nf6 3. Nc3 Bb4 4. Nf3 O-O 5. Nxe5 Re8 6. Nd3 Bf8 7. Be2 Nxe4 
8. Nxe4 Rxe4 9. O-O d5 10. Bf3 Re8 11. Re1 Rxe1+ 12. Nxe1 c6 13. c3 Bf5 
14. d4 Nd7 15. Bf4 Nf6 16. Nc2 Bd6 17. Bxd6 Qxd6 18. Ne3 Be4 19. Bxe4 Nxe4 
20. f3 Ng5 21. Qc2 Re8 22. Re1 g6 23. Qd2 h5 24. Nc2 Ne6 25. g3 Kh7 26. Kf2 h4 
27. Ne3 Kg7 28. Ng4 Rh8 29. Kg2 Qd8 30. Qe3 Rh5 31. f4 a6 32. Ne5 hxg3 
33. hxg3 Qh8 34. Nf3 Kf8 35. Qd2 Rh3 36. Nh4 Rxh4 37. gxh4 Qxh4 38. Rf1 Qg4+ 
39. Kh1 Ng7 40. Qg2 Qh4+ 41. Qh2 Qg4 42. Qh8+ Ke7 43. Qxg7 Qh3+ 44. Kg1 Qg3+ 
45. Kh1 Qh3+ 46. Kg1 Qg3+ 47. Kh1 Qh3+ 1/2-1/2

[Event "Wednesday Night Engine Tour 13 rd Swiss 3m+1s Starts at 2200hrs ST"]
[Site "Infinity Chess"]
[Date "2018.1.17"]
[Round "7"]
[White "Cepri"]
[Black "KhalidOmar"]
[Result "1/2-1/2"]
[ECO "C55"]
[WhiteElo "2481"]
[BlackElo "2506"]
[WhiteEngine "asmFishW_12J18Mb_CTG"]
[BlackEngine "Eman SL 1.63 64-bit BMI2"]
[EventType "Swiss"]
[WhiteTeam ""]
[BlackTeam ""]
[PlyCount "154"]
[TimeControl "180+1"]

1. e4 e5 2. Nf3 Nc6 3. Bc4 Nf6 4. d3 Bc5 5. c3 a5 6. O-O d6 7. Nbd2 O-O 8. h3 h6 
9. Re1 Be6 10. b3 Bb6 11. a4 d5 12. Bb5 Ne7 13. exd5 Nfxd5 14. Qc2 c6 
15. Bc4 Ng6 16. d4 Ndf4 17. dxe5 Nh4 18. Bf1 Bd5 19. Re4 Nfg6 20. Bc4 Bxe4 
21. Qxe4 Re8 22. g3 Nxe5 23. Nxe5 Rxe5 24. Qxe5 Qxd2 25. Bxd2 Nf3+ 26. Kf1 Nxe5 
27. Be2 Rd8 28. Rd1 f5 29. c4 Nd7 30. g4 fxg4 31. hxg4 Nf6 32. Be1 g5 33. f3 Kf7 
34. Rxd8 Bxd8 35. Bd3 Nd7 36. Bc3 Nc5 37. Bc2 Bc7 38. Ke2 Ke7 39. Bd2 Kf6 
40. Bc3+ Ke7 41. Bd2 Kf6 42. Be1 Ke7 43. Bf2 Bd6 44. Bd4 Ne6 45. Bh8 Bc7 
46. Bb2 Bb6 47. Bf5 Nd4+ 48. Bxd4 Bxd4 49. Kd3 Be5 50. Bc8 b6 51. c5 b5 
52. axb5 cxb5 53. Bb7 a4 54. bxa4 bxa4 55. Bd5 a3 56. Bb3 Kd7 57. Kc4 Kc7 
58. Kb5 Bf4 59. Kc4 Be3 60. Kb4 Bd2+ 61. Kxa3 Kc6 62. Kb2 Bb4 63. Kc2 Bxc5 
64. Kd3 Kd6 65. Ke4 Ke7 66. Kf5 h5 67. gxh5 g4 68. fxg4 Kf8 69. h6 Be3 
70. g5 Bc1 71. Ba2 Bb2 72. Be6 Bc3 73. Bd5 Bd4 74. Kf4 Bc3 75. Kg4 Be1 
76. Kf5 Bf2 77. Bc4 Bd4 1/2-1/2